AoeStats
← nnvtn

Arena

510511206Analyzed
2v2 RM · 21h ago on Oct 1, 2026· 36m 59s· 4 players
Game mode
Random Map
Map size
Medium (4 player)
Population
200
Speed
Normal
Resources
Standard
Victory
Conquest
Starting age
Dark Age
Ending age
Imperial Age
RankedLock teamsTeams togetherTeam positionsShared explorationLock speedFull tech treeHidden civsTurbo modeCheats
Victory
Defeat
🇫🇷 Byzantines · France
1017
+15
🇹🇷 Turks · Türkiye
977
+17
🇦🇷 Vikings · Argentina
1030
-17
🇨🇳 Japanese · China
964
-15
OWEN123456
9:27 Feudal Age
10:38 Double-Bit Axe
10:41 Loom
12:49 Horse Collar
16:53 Castle Age
16:29 Gold Mining
16:31 Stone Mining
22:03 Gold Shaft Mining
22:09 Bow Saw
26:45 Imperial Age
24:49 Heavy Plow
26:15 Town Watch
29:15 Capped Ram
30:08 Scale Mail Armor
33:12 Chain Mail Armor
33:08 Forging
34:02 Conscription
35:27 Murder Holes
35:53 Ballistics
36:34 Chemistry
36:56 Iron Casting
36:52 Plate Mail Armor
GTX-5090
5:29 Loom
11:13 Feudal Age
12:42 Wheelbarrow
11:48 Horse Collar
11:54 Double-Bit Axe
15:03 Gold Mining
18:41 Castle Age
17:06 Scale Barding Armor
18:04 Bloodlines
18:40 Forging
18:35 Stone Mining
18:47 Light Cavalry
20:10 Heavy Plow
20:53 Fervor
24:10 Hand Cart
23:47 Pikeman
25:15 Sanctity
24:51 Herbal Medicine
24:58 Town Watch
27:46 Squires
28:24 Iron Casting
27:40 Fletching
31:30 Masonry
31:15 Murder Holes
31:41 Ballistics
31:02 Treadmill Crane
33:58 Imperial Age
FauneMontagne91
12:28 Feudal Age
13:51 Double-Bit Axe
15:30 Horse Collar
18:45 Castle Age
17:23 Gold Mining
18:53 Fletching
25:51 Husbandry
26:44 Crossbowman
27:47 Heavy Plow
32:32 Imperial Age
31:44 Wheelbarrow
31:52 Bodkin Arrow
32:19 Bow Saw
32:43 Ballistics
33:37 Arbalester
33:41 Heavy Camel Rider
34:37 Scale Barding Armor
nnvtn
5:23 Loom
12:56 Feudal Age
14:43 Horse Collar
17:48 Castle Age
22:43 Imperial Age
20:18 Double-Bit Axe
23:30 Gold Mining
24:22 Padded Archer Armor
24:56 Bloodlines
24:54 Scale Barding Armor
27:01 Husbandry
29:21 Leather Archer Armor
34:35 Ring Archer Armor
35:42 Bow Saw
Connection lost

Rejoining the realm…

Still unreachable

The connection could not be restored.

Session expired

The server has moved on; the page needs a fresh start.